AoeStats
← Yahel

Black Forest

510329564Analyzed
3v3 RM · 2d ago on Sep 30, 2026· 54m 34s· 6 players
Game mode
Random Map
Map size
Normal (6 player)
Population
200
Speed
Normal
Resources
Standard
Victory
Conquest
Starting age
Dark Age
Ending age
Imperial Age
RankedLock teamsTeams togetherTeam positionsShared explorationLock speedFull tech treeHidden civsTurbo modeCheats
Victory
Defeat
🇧🇬 Franks · Bulgaria
1148
+14
🇰🇿 Burgundians · Kazakhstan
1104
+16
🇪🇨 Romans · Ecuador
1093
+16
🇭🇰 Spanish · Hong Kong SAR China
1121
-16
🇭🇰 Bulgarians · Hong Kong SAR China
1090
-15
🇭🇰 Cumans · Hong Kong SAR China
1082
-15
| CZK | CONANJD
8:43 Loom
11:44 Feudal Age
11:51 Man-at-Arms
13:38 Scale Mail Armor
14:53 Forging
25:31 Double-Bit Axe
Yahel
3:11 Loom
11:51 Feudal Age
16:15 Castle Age
14:43 Double-Bit Axe
16:47 Scale Barding Armor
16:54 Forging
16:39 Fishing Lines
18:25 Chain Barding Armor
24:25 Gillnets
24:33 Gold Mining
25:44 Husbandry
28:55 Wheelbarrow
34:03 Imperial Age
31:21 Town Watch
31:58 Bow Saw
33:27 Gold Shaft Mining
32:44 Stone Mining
33:41 Hand Cart
34:41 Iron Casting
33:56 Fletching
35:31 Cavalier
38:21 Chemistry
37:33 Masonry
38:16 Plate Barding Armor
37:37 Bodkin Arrow
39:12 Blast Furnace
40:14 Conscription
40:57 Ballistics
41:08 Architecture
40:12 Elite Throwing Axeman
41:33 Scale Mail Armor
44:30 Chain Mail Armor
44:16 Padded Archer Armor
44:37 Paladin
45:32 Arrowslits
45:53 Siege Engineers
45:44 Murder Holes
46:49 Plate Mail Armor
46:36 Leather Archer Armor
47:17 Chivalry
47:53 Hoardings
47:59 Hoardings
48:21 Arson
48:37 Squires
48:22 Gambesons
48:42 Squires
48:40 Ordonnance Companies
50:29 Treadmill Crane
51:01 Fortified Wall
52:06 Guard Tower
botik
1:39 Loom
12:04 Fishing Lines
15:24 Feudal Age
15:31 Feudal Age
14:24 Horse Collar
14:30 Double-Bit Axe
17:23 Bow Saw
17:52 Wheelbarrow
17:53 Fletching
18:15 Heavy Plow
18:31 Gillnets
19:38 Town Watch
20:37 Hand Cart
22:59 Castle Age
21:00 Stone Mining
21:17 Scale Barding Armor
21:50 Forging
23:24 Cavalier
24:06 Husbandry
29:17 Two-Man Saw
28:58 Bodkin Arrow
30:40 Chain Barding Armor
32:44 Gold Mining
33:55 Masonry
35:05 Stone Shaft Mining
35:08 Gold Shaft Mining
39:03 Imperial Age
38:15 Iron Casting
37:38 Light Cavalry
38:41 Fortified Wall
38:52 Ballistics
39:09 Paladin
39:56 Hussar
42:10 Conscription
42:36 Architecture
41:29 Capped Ram
43:06 Plate Barding Armor
45:20 Chemistry
43:44 Elite Skirmisher
45:28 Blast Furnace
44:28 Bracer
44:28 Padded Archer Armor
44:24 Treadmill Crane
45:36 Block Printing
45:46 Illumination
45:31 Fervor
45:35 Bracer
46:54 Caravan
47:18 Conscription
47:05 Burgundian Vineyards
48:18 Hoardings
48:00 Leather Archer Armor
48:26 Sanctity
48:49 Elite Coustillier
50:19 Devotion
52:55 Scale Mail Armor
53:45 Guilds
54:06 Coinage
54:11 Crop Rotation
Pak
0:58 Loom
14:50 Feudal Age
15:02 Man-at-Arms
24:10 Castle Age
22:49 Fletching
26:34 Bodkin Arrow
32:56 Horse Collar
38:10 Imperial Age
37:40 Long Swordsman
40:02 Pikeman
40:38 Elite Conquistador
42:21 Halberdier
44:48 Forging
44:40 Scale Mail Armor
45:49 Chain Mail Armor
46:10 Iron Casting
45:41 Scale Barding Armor
47:45 Squires
hungchiu
1:34 Loom
10:05 Feudal Age
18:08 Gold Mining
26:23 Fishing Lines
27:45 Scale Mail Armor
28:22 Double-Bit Axe
28:19 Horse Collar
32:39 Wheelbarrow
33:09 Wheelbarrow
35:47 Castle Age
35:49 Scale Barding Armor
36:39 Bloodlines
35:58 Pikeman
36:39 Squires
37:29 Hand Cart
36:59 Town Watch
37:23 Heavy Plow
38:05 Bow Saw
39:23 Gold Shaft Mining
38:59 Capped Ram
42:05 Chain Barding Armor
45:28 Imperial Age
45:32 Halberdier
45:39 Elite Steppe Lancer
45:57 Siege Ram
47:42 Two-Man Saw
46:08 Elite Steppe Lancer
48:33 Plate Barding Armor
48:08 Forging
51:44 Iron Casting
52:29 Town Patrol
54:53 Blast Furnace
kwanmartin91
11:19 Feudal Age
14:48 Scale Mail Armor
16:44 Forging
24:12 Loom
24:39 Horse Collar
25:37 Double-Bit Axe
32:14 Castle Age
32:13 Gold Mining
33:11 Chain Mail Armor
33:32 Iron Casting
32:44 Gambesons
33:01 Squires
32:22 Pikeman
34:09 Arson
36:26 Heavy Plow
41:08 Wheelbarrow
40:20 Town Watch
42:46 Hand Cart
43:29 Town Patrol
47:05 Scale Barding Armor
49:52 Imperial Age
47:54 Chain Barding Armor
48:21 Bloodlines
48:13 Husbandry
47:34 Light Cavalry
50:00 Cavalier
51:38 Plate Barding Armor
52:09 Blast Furnace
Connection lost

Rejoining the realm…

Still unreachable

The connection could not be restored.

Session expired

The server has moved on; the page needs a fresh start.